 Dungeon Crawl Stone Soup version 0.24.0 (webtiles) character file.

Game seed: 1462345918584961189, levelgen mode: deterministic

91 Faels the Skirmisher (level 4, 0/36 HPs)
             Began as a Demonspawn Fighter on Feb 18, 2020.
             Succumbed to Crazy Yiuf's poison
             ... on level 2 of the Dungeon.
             The game lasted 00:03:48 (1184 turns).

Faels the Skirmisher (Demonspawn Fighter)           Turns: 1184, Time: 00:03:49

Health: 0/36       AC:  7    Str: 21    XL:     4   Next: 33%
Magic:  3/3        EV: 10    Int: 11    God:
Gold:   57         SH:  9    Dex: 12    Spells: 3/3 levels left

rFire    . . .     SeeInvis .   e - +0 short sword (elec)
rCold    . . .     Gourm    .   c - +0 shield
rNeg     . . .     Faith    .   b - +0 scale mail
rPois    +         Spirit   .   (no helmet)
rElec    .         Reflect  .   (no cloak)
rCorr    .         Harm     .   (no gloves)
MR       .....                  i - +0 pair of boots
Stlth    ..........             (no amulet)
HPRegen  0.12/turn              (no ring)
MPRegen  0.08/turn              (no ring)

@: mighty, lethally poisoned (0 -> -7), slowed, lightly drained, very slow
A: repulsion field 2, low mp 1, mutation resistance 1, poison resistance, rot
immunity, MP-powered wands
a: no special abilities


You were on level 2 of the Dungeon.
You were not hungry.

You visited 1 branch of the dungeon, and saw 2 of its levels.

You collected 57 gold pieces.

Inventory:

Hand Weapons
 a - a +0 rapier
 e - a +0 short sword of electrocution (weapon)
Missiles
 j - 3 curare-tipped darts
 l - 17 poisoned darts (quivered)
Armour
 b - a +0 scale mail (worn)
 c - a +0 shield (worn)
 i - a +0 pair of boots (worn)
 n - a +0 buckler
Scrolls
 h - a scroll of remove curse {unknown}
 k - 2 scrolls of teleportation {unknown}
 m - a scroll of blinking {unknown}
 o - 2 scrolls of identify {unknown}
Comestibles
 f - 3 rations
 g - 7 chunks of flesh


   Skills:
 + Level 3.6(3.5) Fighting
 * Level 3.2(3.1) Short Blades
 - Level 2.6 Armour
 + Level 1.5(1.4) Dodging
 - Level 2.6 Shields


You had 3 spell levels left.
You didn't know any spells.
Your spell library was empty.

Dungeon Overview and Level Annotations

Branches:
Dungeon (2/15)

Altars:


Innate Abilities, Weirdness & Mutations

You are surrounded by a moderate repulsion field. (EV +3)
You are immune to rotting.
Your magical capacity is low. (-10% MP)
You are somewhat resistant to further mutation.
Your system is resistant to poisons. (rPois)
You expend magic power (3 MP) to strengthen your wands.


Message History

Crazy Yiuf grits, "Paint!"
Crazy Yiuf hits you with a +3 quarterstaff of chaos.
* * * LOW HITPOINT WARNING * * *
You feel drained.
It was a potion of mutation.
You feel extremely strange.
You feel less energetic.
You feel your magical essence link to the dungeon's wands.
You feel resistant to poisons.
You feel genetically stable.
* * * LOW HITPOINT WARNING * * *
You feel sick. You block Crazy Yiuf's attack.
You puncture Crazy Yiuf! Lightning courses through Crazy Yiuf!
You kill Crazy Yiuf!
You have reached level 4!
You feel clever.
Your demonic ancestry asserts itself...
Your repulsive radiation grows stronger.
* * * LOW HITPOINT WARNING * * *
You feel sick.
There is a lethal amount of poison in your body!
Unknown command.
You die...

#...........#..##..>
....
#..........###....
.....#
#.............###..
.....#
#......########
#####... ####.###
#..###♣♣♣♣♣
##.#....♣.♣♣♣ ####
#.......♣..♣#...#
#......♣♣♣♣.@...#
##....♣♣ ♣♣#..)#
####♣♣ ####


There were no monsters in sight!

Vanquished Creatures
  Crazy Yiuf (D:2)
  2 adders (D:2)
  An ooze (D:2)
  2 worms (D:2)
  A leopard gecko (D:2)
  2 giant cockroaches
  2 goblins
  3 hobgoblins
  2 jackals (D:2)
  7 kobolds
  A quokka (D:2)
  A bat (D:2)
  3 frilled lizards (D:1)
  6 rats
34 creatures vanquished.

Notes
Turn   | Place    | Note
-------+----------+-------------------------------------------
     0 | D:1      | Faels the Demonspawn Fighter began the quest for the Orb.
     0 | D:1      | Reached XP level 1. HP: 18/18 MP: 1/1
   158 | D:1      | Gained mutation: You are immune to rotting. [demonic
                  | ancestry]
   158 | D:1      | Reached XP level 2. HP: 24/24 MP: 2/2
   661 | D:2      | Reached skill level 1 in Dodging
   661 | D:2      | Gained mutation: You are surrounded by a mild repulsion
                  | field. (EV +2) [demonic ancestry]
   661 | D:2      | Reached XP level 3. HP: 23/29 MP: 3/3
  1158 | D:2      | Found a runed translucent door.
  1159 | D:2      | Noticed Crazy Yiuf
  1182 | D:2      | Gained mutation: Your magical capacity is low. (-10% MP)
                  | [potion of mutation]
  1182 | D:2      | Gained mutation: You expend magic power (3 MP) to
                  | strengthen your wands. [potion of mutation]
  1182 | D:2      | Gained mutation: Your system is resistant to poisons.
                  | (rPois) [potion of mutation]
  1182 | D:2      | Gained mutation: You are somewhat resistant to further
                  | mutation. [potion of mutation]
  1182 | D:2      | HP: 1/29 [poisoned by Crazy Yiuf]
  1183 | D:2      | Killed Crazy Yiuf
  1183 | D:2      | Gained mutation: You are surrounded by a moderate repulsion
                  | field. (EV +3) [demonic ancestry]
  1183 | D:2      | Reached XP level 4. HP: 2/36 MP: 3/3
  1184 | D:2      | Succumbed to Crazy Yiuf's poison

Levels and vault maps discovered:
D:1:      wheals_arrival_shading, layout_basic, minmay_hedge_maze
D:2:      layout_rooms, lemuel_coloured_pillars_altar, minmay_fountain_box,
          kennysheep_doodads, minmay_tall_x, uniq_crazy_yiuf_cottage
